 Dungeon Crawl Stone Soup version 0.30.0-5-g1a98f26d00 (webtiles) character file.

Game seed: 12763694478951131938

676 jasper the Covert (level 7, 0/33 HPs)
             Began as a Spriggan Brigand on May 12, 2023.
             Slain by a centaur (1 damage)
             ... on level 6 of the Dungeon.
             The game lasted 00:04:46 (1579 turns).

jasper the Covert (Spriggan Brigand)                Turns: 1579, Time: 00:04:46

Health: 0/33       AC: -1    Str:  7    XL:     7   Next: 33%
Magic:  8/8        EV: 16    Int: 12    God:
Gold:   72         SH:  0    Dex: 19    Spells: 6/6 levels left

rFire   . . .        a - +2 dagger
rCold   . . .        (no shield)
rNeg    + . .        b - +0 robe
rPois   .            (helmet restricted)
rElec   .            c - +0 cloak
rCorr   .            (gloves unavailable)
SInv    +            (boots unavailable)
Will    +....        (no amulet)
Stlth   ++++         j - ring of positive energy
HPRegen 0.25/turn    (no ring)
MPRegen 0.11/turn

%: no passive effects
@: corroded, very quick
A: very small, no large weapons, unfitting armour, see invisible, speed 3
a: no special abilities


You were on level 6 of the Dungeon.
You visited 1 branch of the dungeon, and saw 6 of its levels.

You collected 72 gold pieces.

Inventory:

Hand Weapons
 a - a +2 dagger (weapon)
Armour
 b - a +0 robe (worn)
 c - a +0 cloak (worn)
Jewellery
 j - a ring of positive energy (left hand)
Wands
 d - a wand of mindburst (22)
Scrolls
 e - a scroll of teleportation
Potions
 h - a potion of mutation


   Skills:
 - Level 1.5 Fighting
 * Level 7.6 Short Blades
 - Level 2.0 Throwing
 - Level 1.3 Dodging
 - Level 9.1 Stealth


You had 6 spell levels left.
You didn't know any spells.
Your spell library was empty.

Dungeon Overview and Level Annotations

Branches:
Dungeon (6/15)
 Temple: D:4-7

Altars:

Annotations:
D:4 Dowan


Innate Abilities, Weirdness & Mutations

You are very small and have problems with some larger weapons.
You are too small for most types of armour.
You have supernaturally acute eyesight. (SInv)
You cover ground extremely quickly. (Speed+++)


Message History

You hit the white imp.
The white imp is almost dead.
You barely miss the white imp.
You punch the white imp, but do no damage.
The white imp is almost dead.
The white imp closely misses you.
You hit the white imp.
You kill the white imp!
A centaur comes into view. It is carrying a wand of acid (8).
You regained 8 hp, and now have 24/33 hp.
A centaur is nearby!
You closely miss the centaur.
The centaur shouts!
The centaur hits you. The centaur closely misses you.
You take 3 damage, and have 22/33 hp.
You hit the centaur.
The centaur is lightly wounded.
The centaur zaps a wand.
The bolt of acid hits you.
You take 5 damage, and have 17/33 hp.
You hit the centaur.
The centaur is lightly wounded.
The centaur hits you. The centaur closely misses you.
You take 2 damage, and have 15/33 hp.
You hit the centaur but do no damage.
The centaur is lightly wounded.
You hit the centaur but do no damage.
The centaur is lightly wounded.
The centaur closely misses you. x2
You hit the centaur but do no damage. Your punch misses the centaur.
The centaur is lightly wounded.
The centaur zaps a wand.
The bolt of acid hits you!
* * * LOW HITPOINT WARNING * * *
The acid corrodes you!
You take 12 damage, and have 3/33 hp.
MASSIVE DAMAGE!!
You hit the centaur.
The centaur is moderately wounded.
The centaur hits you.
* * * LOW HITPOINT WARNING * * *
The centaur kicks you.
You die...

#.##.###. #........
.####...### ...........
.####...... ##.#.#.
#.#.##
#.#################.#.##
#.....c@............#...
########################


You could see a centaur.

Vanquished Creatures
  Duvessa (D:4)
  A sky beast (D:5)
  A black bear (D:6)
  An ogre (D:5)
  A scorpion (D:4)
  A hound (D:6)
  2 orc priests
  2 orc wizards
  6 adders
  2 white imps
  A dart slug (D:5)
  A worm (D:2)
  11 orcs
  An endoplasm (D:2)
  A giant cockroach (D:2)
  2 goblins
  2 hobgoblins (D:2)
  3 kobolds (D:4)
  2 quokkas (D:1)
  A ball python (D:2)
  A hobgoblin zombie (D:4)
  A rat (D:2)
45 creatures vanquished.

Notes
Turn   | Place    | Note
-------+----------+-------------------------------------------
     0 | D:1      | jasper the Spriggan Brigand began the quest for the Orb.
     0 | D:1      | Reached XP level 1. HP: 10/10 MP: 2/2
    39 | D:2      | Reached skill level 6 in Stealth
    46 | D:2      | Reached XP level 2. HP: 14/14 MP: 3/3
    97 | D:2      | Reached XP level 3. HP: 15/18 MP: 4/4
   289 | D:4      | Reached XP level 4. HP: 16/22 MP: 5/5
   297 | D:4      | Reached skill level 7 in Stealth
   364 | D:4      | Noticed Dowan
   365 | D:4      | Noticed Duvessa
   368 | D:4      | Noticed a scorpion
   417 | D:4      | Killed a scorpion
   418 | D:4      | Reached skill level 5 in Short Blades
   418 | D:4      | Reached XP level 5. HP: 25/25 MP: 6/6
   502 | D:4      | Killed Duvessa
   503 | D:4      | Reached skill level 8 in Stealth
   503 | D:4      | Reached XP level 6. HP: 30/30 MP: 7/7
   527 | D:5      | Entered Level 5 of the Dungeon
  1089 | D:6      | Noticed a water moccasin
  1222 | D:5      | Noticed a sky beast
  1232 | D:5      | Killed a sky beast
  1233 | D:5      | Reached skill level 9 in Stealth
  1233 | D:5      | Reached XP level 7. HP: 16/33 MP: 8/8
  1579 | D:6      | HP: 1/33 [centaur (2)]
  1579 | D:6      | Slain by a centaur

Illustrated notes

Levels and vault maps discovered:
D:1:      beargit_arrival_greenhouse, layout_rooms
D:2:      layout_basic
D:3:      layout_rooms, marbit_many_paths, gammafunk_temple_overflow_claw,
          mainiacjoe_overflow_large_starburst, serial_corexii_hall,
          corexii_hall_statues_i, chequers_hall_statues_corner_a,
          kennysheep_big_empty_room, uniq_natasha
D:4:      layout_basic, minmay_mini_ossuary, uniq_duvessa
D:5:      layout_basic
D:6:      layout_loops_ring, mainiacjoe_overflow_boulevard,
          minmay_temple_entry_fiery, serial_shops, kennysheep_little_box,
          uniq_pikel

Skill      XL: |  1  2  3  4  5  6 |
---------------+-------------------+-----
Stealth        | 6 7 8 9 |  9.1
Short Blades   | 3 4 5 7 |  7.6
Fighting       | |  1.5
Throwing       | |  2.0
Dodging        | |  1.3

Action                     |  1- 3 |  4- 6 |  7- 9 || total
---------------------------+-------+-------+-------++-------
  Melee: Dagger            |    52 |    65 |    66 ||   183
         Punch             |       |     1 |     1 ||     2
  Throw: Dart              |     7 |    18 |       ||    25
    Use: Scroll            |       |     3 |     2 ||     5
         Potion            |       |     2 |       ||     2
   Stab: Sleeping          |     8 |     7 |       ||    15
 Armour: Robe              |     5 |     5 |     6 ||    16
  Dodge: Dodged            |    32 |    50 |    29 ||   111
